 Dungeon Crawl Stone Soup version 0.14-a0-1876-g927fc3a (webtiles) character file.

285 4tharraofdagon the Ruffian (level 5, 0/53 HPs)
             Began as a Troll Chaos Knight on Jan 15, 2014.
             Was a Plaything of Xom.
             Slain by an orc
             ... wielding a +2,+1 spear
              (1 damage)
             ... on Level 3 of the Dungeon.
             The game lasted 00:03:23 (564 turns).

4tharraofdagon the Ruffian (Troll Chaos Knight)      Turns: 564, Time: 00:03:24

HP   0/53        AC  7     Str 26      XL: 5   Next: 38%
MP   2/2         EV  7     Int  8      God: Xom
Gold 99          SH 15     Dex  9      Spells:  0 memorised,  4 levels left

rFire  . . .     SeeInvis .       - Unarmed
rCold  . . .     Clarity  .     b - +2 robe
rNeg   . . .     Conserve .     g - +0 shield
rPois  .         rCorr    .     (helmet restricted)
rElec  .         rRot     .     (no cloak)
SustAb . .       Spirit   .     (gloves unavailable)
rMut   .         Warding  .     (boots unavailable)
Gourm  +         Stasis   .     (no amulet)
MR     .....                    (no ring)
                                (no ring)

@: mighty, mildly poisoned, not resistant to hostile enchantments, very
unstealthy
A: unfitting armour, claws 3, fast metabolism 3, gourmand, regeneration 2,
saprovore 2, shaggy fur 1, tough skin 2
a: Renounce Religion


You were on level 3 of the Dungeon.
You worshipped Xom.
You were a toy of Xom.
You were very full.

You visited 1 branch of the dungeon, and saw 3 of its levels.

You collected 99 gold pieces.

Inventory:

Hand weapons
 l - a +1,+5 orcish war axe
Armour
 b - a +2 robe (worn)
 g - a +0 shield (worn)
Comestibles
 a - 2 meat rations
 m - a bread ration
Scrolls
 c - a scroll of fear {unknown}
 d - 2 scrolls of enchant weapon II {unknown}
 e - 4 scrolls of identify {unknown}
 f - a scroll of curse armour {unknown}
 h - a scroll of fog {unknown}
 i - a scroll of random uselessness {unknown}
 o - a scroll of remove curse {unknown}
Jewellery
 k - an uncursed amulet of inaccuracy {unknown}
Potions
 j - a potion of degeneration


   Skills:
 + Level 3.4 Fighting
 - Level 1.9 Dodging
 + Level 0.0 Shields
 * Level 5.3 Unarmed Combat


You had 4 spell levels left.
You didn't know any spells.

Dungeon Overview and Level Annotations

Branches:
Dungeon (3/16)

Altars:


Innate Abilities, Weirdness & Mutations

You are too large for most types of armour.
You have claws for hands.
Your metabolism is lightning-fast.
You like to eat raw meat.
You heal very quickly.
You can eat rotten meat.
You are covered in fur (AC +1).
You have very tough skin (AC +2).


Message History

The orc priest mumbles some strange prayers to Beogh against you.
Something smites you!
* * * LOW HITPOINT WARNING * * *
You block the orc's attack.
Unknown command.
You completely miss the orc priest. The rat barely misses you.
The orc priest hits you with an orcish flail.
* * * LOW HITPOINT WARNING * * *
You block the orc's attack.
Unknown command.
Unknown command.
Are you sure you want to abandon this character and quit the game? (Confirm with "yes".)
Okay, then.
Read which item? (? for menu, Esc to quit)
Okay, then.
You barely miss the orc priest. The rat closely misses you.
You block the orc priest's attack.
The orc hits you from afar with a spear.
You die...
Xom titters!

##.#####.# #####.#.....(..
.......#.# ####........>..###
##.###.#.#######.o%(%..o.........
#.# #...[.......##o##........###
##.# ###..##.###.##.#####...#.#
...# #..##.# #.##.# ##.## ####
#..##.# #o...# #... #..##.#
#r#### #..## ########..##.. #@#
#..# ..........####.#o# ##.#
#................# .#
#.##.#########.#.# .# #.##...
..... . .....### ## #.# ####.#
#.. #.# #.# #.# #.#


You could see an orc priest, 2 orcs and a rat.

Vanquished Creatures
  Sigmund (D:3)
  A crimson imp (D:3)
  An orc priest (D:3)
  An adder (D:3)
  A giant gecko (D:2)
  6 orcs (D:3)
  4 goblins
  3 jackals (D:1)
  3 quokkas
  6 bats
  3 kobolds
  2 rats
32 creatures vanquished.

Notes
Turn   | Place    | Note
--------------------------------------------------------------
     0 | D:1      | 4tharraofdagon, the Troll Chaos Knight, began the quest for the Orb.
     0 | D:1      | Reached XP level 1. HP: 22/22 MP: 1/1
    65 | D:2      | Reached XP level 2. HP: 22/29 MP: 1/1
   120 | D:2      | XOM: divination: detect items
   151 | D:2      | XOM: potion effect (agility)
   259 | D:3      | XOM: harmless Pois miscast
   273 | D:3      | XOM: silly message
   280 | D:3      | Reached XP level 3. HP: 19/36 MP: 2/2
   302 | D:3      | Reached skill level 4 in Unarmed Combat
   306 | D:3      | Reached XP level 4. HP: 37/45 MP: 2/2
   402 | D:3      | Noticed Sigmund
   419 | D:3      | XOM: harmless Necr miscast
   427 | D:3      | Killed Sigmund
   427 | D:3      | Reached skill level 5 in Unarmed Combat
   427 | D:3      | Reached XP level 5. HP: 14/53 MP: 2/2
   563 | D:3      | HP: 1/53 [orc priest/orcish flail (3)]
   564 | D:3      | Slain by an orc

Action                   |  1- 3 |  4- 6 || total
-------------------------+-------+-------++-------
Melee: Unarmed           |    55 |    47 ||   102
  Use: Potion            |       |     4 ||     4
 Stab: Sleeping          |     1 |       ||     1
